 Dungeon Crawl Stone Soup version 0.30-a0-972-gf3ab3527aa (webtiles) character file.

Game seed: 11228573990546938876

95 Monkooky the Ducker (level 4, -5/35 HPs)
             Began as a Merfolk Gladiator on Mar 31, 2023.
             Killed from afar by a white imp (14 damage)
             ... with a puff of frost
             ... on level 3 of the Dungeon.
             The game lasted 00:02:33 (1952 turns).

Monkooky the Ducker (Merfolk Gladiator)             Turns: 1952, Time: 00:02:33

Health: -5/35      AC:  4    Str: 14    XL:     4   Next: 65%
Magic:  13/13      EV: 14    Int:  7    God:
Gold:   149        SH:  0    Dex: 17    Spells: 3/3 levels left

rFire   . . .      SeeInvis .    a - +0 long sword
rCold   . . .      Faith    .    (no shield)
rNeg    . . .      Spirit   .    b - +0 leather armour
rPois   .          Reflect  .    c - +0 helmet
rElec   .          Rampage  .    (no cloak)
rCorr   .                        (no gloves)
Will    .....                    (no boots)
Stlth   +                        (no amulet)
HPRegen 0.25/turn                r - ring of magical power
MPRegen 0.13/turn                (no ring)

@: no status effects
A: (nimble swimmer 2), mertail
a: no special abilities


You were on level 3 of the Dungeon.
You visited 1 branch of the dungeon, and saw 3 of its levels.

You collected 149 gold pieces.

Inventory:

Hand Weapons
 a - a +0 long sword (weapon)
Missiles
 d - a throwing net
 e - a javelin
 o - 4 atropa-tipped darts
 p - 6 poisoned darts (quivered)
Armour
 b - a +0 leather armour (worn)
 c - a +0 helmet (worn)
Jewellery
 r - a ring of magical power (left hand)
Scrolls
 g - a scroll of blinking {unknown}
 j - 2 scrolls of fear {unknown}
 l - a scroll of identify {unknown}
 m - 2 scrolls of teleportation {unknown}
 n - a scroll of poison {unknown}
 q - a scroll of fog {unknown}
Potions
 f - 3 potions of curing
 h - a potion of heal wounds {unknown}
 i - a potion of flight {unknown}
 k - a potion of mutation {unknown}


   Skills:
 - Level 3.1 Fighting
 + Level 4.1 Long Blades
 - Level 2.0 Throwing
 - Level 6.0 Dodging


You had 3 spell levels left.
You didn't know any spells.
Your spell library was empty.

Dungeon Overview and Level Annotations

Branches:
Dungeon (3/15)

Altars:

Annotations:
D:1 exclusion: 2 downstairs


Innate Abilities, Weirdness & Mutations

((You are very nimble when in or above water. (Stealth+, EV+, Speed+++)))
Your lower body shifts to a powerful aquatic tail in water.


Message History

You are too injured to fight recklessly!
You are too injured to fight recklessly!
You are too injured to fight recklessly!
You are too injured to fight recklessly!
You are too injured to fight recklessly!
You are too injured to fight recklessly!
You are too injured to fight recklessly!
You are too injured to fight recklessly!
You are too injured to fight recklessly!
You closely miss the white imp.
The white imp is heavily wounded.
The white imp gestures at you. The puff of frost hits you!
* * * LOW HITPOINT WARNING * * *
Unknown command.
Throw: 3 throwing nets
Press: ? - help, Shift-Dir - straight line, f - white imp
Aim: a white imp (heavily wounded, 62% to hit)
You throw a throwing net.
The throwing net closely misses the white imp.
The white imp hits you but does no damage.
Throw: 2 throwing nets
Press: ? - help, Shift-Dir - straight line, f/p - white imp
Aim: a white imp (heavily wounded, 62% to hit)
You throw a throwing net. The throwing net hits the white imp.
The white imp is caught in the net!
The white imp is heavily wounded.
The white imp struggles against the net.
You hit the white imp.
You punch the white imp, but do no damage.
The white imp is almost dead.
The white imp struggles against the net.
You barely miss the white imp.
The white imp is almost dead.
The white imp struggles against the net.
You barely miss the white imp.
The white imp is almost dead.
The white imp gestures at you. The puff of frost hits you!
You die...

#..##..#..........##..
..................#....
##.##.....†............
##....##...........#.#
....###..............#
.##...).###........##
..#.##### #.........#
#.#.# ###.........####
..... .........@5.$...(
###..
................!.
#.##............##....
.. ..#.#.......# ... .
.............. . ..
##.#.......## ##
..#.......# .........


You could see a white imp (caught).

Vanquished Creatures
  4 gnolls (D:2)
  A worm (D:2)
  4 dart slugs
  8 bats
  3 endoplasms
  A giant cockroach (D:1)
  2 goblins (D:1)
  4 hobgoblins
  5 kobolds
  5 quokkas
  2 ball pythons (D:2)
  2 frilled lizards
  4 rats
45 creatures vanquished.

Notes
Turn   | Place    | Note
-------+----------+-------------------------------------------
     0 | D:1      | Monkooky the Merfolk Gladiator began the quest for the Orb.
     0 | D:1      | Reached XP level 1. HP: 16/16 MP: 1/1
   179 | D:1      | Reached XP level 2. HP: 24/24 MP: 2/2
   262 | D:1      | Found a faded altar of an unknown god.
   674 | D:1      | Reached XP level 3. HP: 27/29 MP: 3/3
   910 | D:2      | Reached skill level 5 in Dodging
  1206 | D:2      | Identified the +1 ring mail of Conscience {Harm rN+++ Int-2
                  | Dex-5}
  1533 | D:2      | Reached XP level 4. HP: 32/35 MP: 4/4
  1553 | D:2      | Reached skill level 6 in Dodging
  1952 | D:3      | Killed from afar by a white imp

Illustrated notes

Levels and vault maps discovered:
D:1:      elethiomel_arrival_quiet, layout_basic, basic_ecumenical_altar
D:2:      layout_basic
D:3:      layout_rooms, mainiacjoe_overflow_alcove_4, uniq_ijyb

Skill      XL: |  1  2  3  4 |
---------------+-------------+-----
Fighting       | 3 |  3.1
Dodging        | 5 6 |  6.0
Long Blades    | 4 |  4.1
Throwing       | |  2.0

Action                     |  1- 3 |  4- 6 || total
---------------------------+-------+-------++-------
  Melee: Long sword        |   102 |    31 ||   133
         Punch             |       |     1 ||     1
  Throw: Dart              |     4 |     2 ||     6
         Throwing net      |       |     2 ||     2
    Use: Potion            |     1 |       ||     1
   Stab: Sleeping          |     2 |       ||     2
 Armour: Leather armour    |    42 |     6 ||    48
  Dodge: Dodged            |    93 |    22 ||   115

Table legend: (Time is in decaauts)
 A = Elapsed time spent in this place.
 B = Non-inter-level travel time spent in this place.
 C = Inter-level travel time spent in this place.
 D = Time resting spent in this place.
 E = Time spent auto-exploring this place.
 F = Levels seen in this place.
 G = Mean time per level.
                   A        B        C        D        E       F      G
               +--------+--------+--------+--------+--------+-----+--------+
         Total |   1980 |   1852 |    128 |    111 |   1324 |   3 |  660.0 |
       Dungeon |   1980 |   1852 |    128 |    111 |   1324 |   3 |  660.0 |
               +--------+--------+--------+--------+--------+-----+--------+

Top non-repeatable levels by time:
     D:1: 1020 daAuts
     D:2: 799 daAuts
     D:3: 160 daAuts
